Avalanche vs Islanders

Created - 20 janvier 2018 at 10:33

Goals
1 2 3 T
Avalanche 3 1 0 4
Islanders 0 0 0 0
Shots
1 2 3 T
Avalanche 11 6 6 23
Islanders 10 12 3 25

1st period

1. Avalanche , Jaccob Slavin 2 (Martin Hanzal 20, Alexander Steen 20) at 1:58 (PP)
2. Avalanche , Martin Hanzal 11 (Jaccob Slavin 14, Alexander Steen 21) at 7:26
3. Avalanche , Martin Hanzal 12 (Mats Zuccarello 30, Alexander Steen 22) at 15:05 (PP)

Penalties :
Erik Johnson (NYI) for Hooking (Minor) at 0:59, Tom Kuhnhackl (NYI) for Interference (Minor) at 14:51

2nd period

4. Avalanche , Derek Stepan 13 (Mitch Marner 20, Deryk Engelland 7) at 12:27

Penalties :
Kevin Shattenkirk (COL) for Roughing (Minor) at 0:26, Zack Kassian (NYI) for Roughing (Minor) at 3:52, Luca Sbisa (NYI) for Hooking (Minor) at 8:26, Kevin Shattenkirk (COL) for Cross-checking (Minor) at 17:27

3rd period

No Goal

Penalties :
Roman Polak (NYI) for Holding (Minor) at 6:23

Goalie Stats

Jake Allen (COL), 25 saves from 25 shots - (1.000), W, 16-14-0, 60:00 minutes
Craig Anderson (NYI), 9 saves from 9 shots - (1.000), 27:33 minutes
Robin Lehner (NYI), 10 saves from 14 shots - (0.714), L, 4-6-1, 32:27 minutes

Players Stats for Avalanche

Player Name              G  A  P  +/- PIM S  H  SB GA TA FO     MP     PP MP  PK MP  
------------------------------------------------------------------------------------
Alexander Steen          0  3  3   1  0   3  0  0  0  0  3/4    23:10   3:40   1:15 
Alexandre Burrows        0  0  0   0  0   2  0  0  0  0  0/0     7:21   0:00   2:43 
Brandon Carlo            0  0  0   0  0   1  2  1  0  0  0/0    17:24   0:10   2:12 
David Krejci             0  0  0   0  0   2  0  1  0  0  7/16   15:22   3:03   0:00 
Derek Stepan             1  0  1   1  0   2  0  0  0  0  10/17  19:31   3:30   1:10 
Deryk Engelland          0  1  1   1  0   0  1  0  0  0  0/0    18:53   3:20   1:30 
Dylan Larkin             0  0  0   0  0   1  3  0  0  0  0/1    12:24   0:00   0:05 
Jaccob Slavin            1  1  2   1  0   1  1  0  0  0  0/0    21:45   3:40   2:28 
Kevin Shattenkirk        0  0  0   1  4   1  1  1  0  0  0/0    22:53   3:08   0:00 
Martin Hanzal            2  1  3   1  0   4  5  0  0  0  16/25  20:02   2:58   0:00 
Mats Zuccarello          0  1  1   1  0   1  0  0  0  0  0/0    20:44   3:40   0:00 
Matt Cullen              0  0  0   0  0   1  0  0  0  0  5/7     8:30   1:09   2:43 
Max Domi                 0  0  0   0  0   1  0  0  0  0  0/1    12:19   0:00   0:00 
Mitch Marner             0  1  1   1  0   1  1  0  0  0  2/3    18:21   3:30   0:00 
Sami Vatanen             0  0  0   0  0   0  1  0  0  0  0/0     5:03   0:00   0:16 
Tomas Hertl              0  0  0   1  0   0  1  0  0  0  0/1    18:18   0:00   0:00 
Tyson Barrie             0  0  0   0  0   0  1  2  0  0  0/0    15:07   0:42   0:00 
Zach Werenski            0  0  0   1  0   2  0  0  0  0  0/0    18:53   3:20   1:30 

Players Stats for Islanders

Player Name              G  A  P  +/- PIM S  H  SB GA TA FO     MP     PP MP  PK MP  
------------------------------------------------------------------------------------
Andy Greene              0  0  0   0  0   0  0  0  0  0  0/0    20:27   1:53   3:24 
Brian Boyle              0  0  0   0  0   3  2  0  0  0  7/20   19:23   2:14   2:15 
Colin Wilson             0  0  0   0  0   2  0  0  0  0  0/0    17:15   2:14   0:00 
Erik Johnson             0  0  0  -2  2   1  4  1  0  0  0/0    25:52   2:05   3:25 
Josh Anderson            0  0  0   0  0   2  4  0  0  0  0/0    17:15   2:14   0:00 
Josh Jooris              0  0  0   0  0   1  0  0  0  0  9/19   16:28   0:00   0:23 
Luca Sbisa               0  0  0   0  2   0  3  0  0  0  0/0    13:18   0:00   0:00 
Mark Fayne               0  0  0   0  0   0  0  0  0  0  0/0    14:16   0:00   0:57 
Matt Read                0  0  0   0  0   3  1  0  0  0  0/0    15:00   0:00   0:00 
Nate Thompson            0  0  0  -2  0   0  1  0  0  0  2/6     7:17   0:00   0:00 
Niklas Hjalmarsson       0  0  0  -2  0   0  1  4  0  0  0/0    22:00   2:05   3:30 
Patrick Sharp            0  0  0   0  0   2  0  0  0  0  2/3    18:15   1:44   4:39 
Pierre-Alexandr Parentea 0  0  0   0  0   2  1  0  0  0  0/1    14:48   1:44   1:30 
Roman Polak              0  0  0   0  2   0  5  0  0  0  0/0    19:16   1:53   2:32 
Sam Bennett              0  0  0  -2  0   5  3  0  0  0  12/23  22:35   1:44   3:16 
Steven Santini           0  0  0   0  0   0  0  0  0  0  0/0     4:48   0:00   0:32 
Tom Kuhnhackl            0  0  0   0  2   3  0  0  0  0  0/1    15:27   0:00   0:28 
Zack Kassian             0  0  0  -2  2   1  2  0  0  0  0/2     9:05   0:00   1:49 

3 Stars

1 - Martin Hanzal (COL)
2 - Jake Allen (COL)
3 - Jaccob Slavin (COL)

Power Play

Avalanche - 2 on 5 Attempt(s) - 40.00%
Islanders - 0 on 2 Attempt(s) - 0.00%

Penalty Kill

Avalanche - 2 on 2 Attempt(s) - 100.00% - Score 0 goal in Penalty Kill
Islanders - 3 on 5 Attempt(s) - 60.00% - Score 0 goal in Penalty Kill

Team Stat

Avalanche - Hits : 17 - Faceoff Wins : 43 - Blocked Shots : 5 - Penalty Minutes : 4
Islanders - Hits : 27 - Faceoff Wins : 32 - Blocked Shots : 5 - Penalty Minutes : 10

Official

Referees : Brad Watson and Marc Joannette
Linesman : Steve Barton and David Brisebois

Game Notes

Craig Anderson enters game at 12:27 of 2nd period

Finance

Level 1 -- Attendance: 6000 (100.00%) -- Ticket Income 678 000 $
Level 2 -- Attendance: 4794 (95.88%) -- Ticket Income 373 932 $
Level 3 -- Attendance: 2000 (100.00%) -- Ticket Income 144 000 $
Level 4 -- Attendance: 1795 (100.00%) -- Ticket Income 91 545 $
Luxury Box -- Attendance: 1000 (100.00%) -- Ticket Income 176 000 $
Game was played at the Barclays Center.
Total Attendance: 15589 (98.70%)
Total Ticket Income: 1 463 477 $
Other Income: 219 522 $
Total Income: 1 682 999 $

% Time on Ice - Avalanche

Lines # - Real PCT - Wanted PCT - Time Play
Normal Forward
1 - 35% - 40% - 17:04
2 - 30% - 30% - 14:51
3 - 25% - 20% - 12:19
4 - 9% - 10% - 4:38
Normal Defense
1 - 32% - 40% - 15:37
2 - 29% - 30% - 14:03
3 - 30% - 20% - 14:25
4 - 10% - 10% - 4:47
PP Forward
1 - 51% - 60% - 3:40
2 - 49% - 40% - 3:30
PP Defense
1 - 53% - 60% - 3:50
2 - 47% - 40% - 3:20
PK Forward
1 - 71% - 60% - 2:48
2 - 29% - 40% - 1:10
PK Defense
1 - 62% - 60% - 2:28
2 - 38% - 40% - 1:30
PK3 Forward
1 - 0% - 60%
2 - 0% - 40%
PK3 Defense
1 - 0% - 60%
2 - 0% - 40%
44 Forward
1 - 0% - 60%
2 - 0% - 40%
44 Defense
1 - 0% - 60%
2 - 0% - 40%
Last Minute Offensive  - 0:00
Last Minute Defensive  - 0:00
Total
Forward - 60:00
Defense - 60:00

% Time on Ice - Islanders

Lines # - Real PCT - Wanted PCT - Time Play
Normal Forward
1 - 24% - 40% - 11:34
2 - 31% - 30% - 15:01
3 - 31% - 20% - 15:00
4 - 15% - 10% - 7:17
Normal Defense
1 - 34% - 40% - 16:25
2 - 30% - 30% - 14:52
3 - 27% - 20% - 13:19
4 - 9% - 10% - 4:16
PP Forward
1 - 44% - 60% - 1:44
2 - 56% - 40% - 2:14
PP Defense
1 - 53% - 60% - 2:05
2 - 47% - 40% - 1:53
PK Forward
1 - 76% - 60% - 5:26
2 - 24% - 40% - 1:44
PK Defense
1 - 47% - 60% - 3:23
2 - 53% - 40% - 3:47
PK3 Forward
1 - 0% - 60%
2 - 0% - 40%
PK3 Defense
1 - 0% - 60%
2 - 0% - 40%
44 Forward
1 - 0% - 60%
2 - 0% - 40%
44 Defense
1 - 0% - 60%
2 - 0% - 40%
Last Minute Offensive  - 0:00
Last Minute Defensive  - 0:00
Total
Forward - 60:00
Defense - 60:00

Play by Play

1st period


0:01 of 1st period - Martin Hanzal wins face-off versus Sam Bennett in neutral zone.
0:54 of 1st period - Shot by Mitch Marner.
0:54 of 1st period - Stopped by Robin Lehner with a rebound.
0:59 of 1st period - Minor Penalty to Erik Johnson for Hooking.
1:00 of 1st period - David Krejci wins face-off versus Zack Kassian in Islanders zone.
1:58 of 1st period - Shot by Jaccob Slavin.
1:58 of 1st period - Goal by Jaccob Slavin - Avalanche : 1 - Islanders : 0.
1:59 of 1st period - Matt Cullen wins face-off versus Tom Kuhnhackl in neutral zone.
2:01 of 1st period - Tyson Barrie is hit by Luca Sbisa and loses puck.
2:22 of 1st period - Shot by Matt Cullen.
2:22 of 1st period - Stopped by Robin Lehner without a rebound.
2:23 of 1st period - Martin Hanzal wins face-off versus Nate Thompson in Islanders zone.
2:32 of 1st period - Shot by Alexander Steen.
2:32 of 1st period - Stopped by Robin Lehner with a rebound.
2:34 of 1st period - Shot by Martin Hanzal.
2:34 of 1st period - Deflect By Alexander Steen.
2:34 of 1st period - Stopped by Robin Lehner with a rebound.
3:09 of 1st period - Icing by Sam Bennett.
3:10 of 1st period - Derek Stepan wins face-off versus Nate Thompson in Islanders zone.
3:19 of 1st period - Shot by Derek Stepan.
3:19 of 1st period - Shot Misses the Net.
3:21 of 1st period - Shot by Deryk Engelland.
3:21 of 1st period - Shot Misses the Net.
4:28 of 1st period - Shot by Colin Wilson.
4:28 of 1st period - Stopped by Jake Allen without a rebound.
4:29 of 1st period - Martin Hanzal wins face-off versus Josh Jooris in Avalanche zone.
4:44 of 1st period - Shot by Martin Hanzal.
4:44 of 1st period - Shot Misses the Net.
4:46 of 1st period - Shot by Martin Hanzal.
4:46 of 1st period - Stopped by Robin Lehner without a rebound.
4:47 of 1st period - Brian Boyle wins face-off versus Matt Cullen in Islanders zone.
4:56 of 1st period - Shot by Andy Greene.
4:56 of 1st period - Shot Misses the Net.
5:04 of 1st period - Shot by Alexandre Burrows.
5:04 of 1st period - Shot Misses the Net.
5:07 of 1st period - Icing by Andy Greene.
5:08 of 1st period - Brian Boyle wins face-off versus David Krejci in Islanders zone.
6:31 of 1st period - Shot by Alexander Steen.
6:31 of 1st period - Shot Misses the Net.
6:33 of 1st period - Shot by Kevin Shattenkirk.
6:33 of 1st period - Stopped by Robin Lehner without a rebound.
6:34 of 1st period - Derek Stepan wins face-off versus Josh Jooris in Islanders zone.
7:00 of 1st period - Shot by Tom Kuhnhackl.
7:00 of 1st period - Stopped by Jake Allen without a rebound.
7:01 of 1st period - Martin Hanzal wins face-off versus Sam Bennett in Avalanche zone.
7:17 of 1st period - Icing by Jaccob Slavin.
7:18 of 1st period - Martin Hanzal wins face-off versus Nate Thompson in Avalanche zone.
7:23 of 1st period - Jaccob Slavin is hit by Erik Johnson and loses puck.
7:26 of 1st period - Shot by Martin Hanzal.
7:26 of 1st period - Goal by Martin Hanzal - Avalanche : 2 - Islanders : 0.
7:27 of 1st period - Josh Jooris wins face-off versus Derek Stepan in neutral zone.
7:32 of 1st period - Icing by Tomas Hertl.
7:33 of 1st period - Sam Bennett wins face-off versus Tomas Hertl in Avalanche zone.
7:40 of 1st period - Shot by Sam Bennett.
7:40 of 1st period - Stopped by Jake Allen without a rebound.
7:41 of 1st period - Mitch Marner wins face-off versus Sam Bennett in Avalanche zone.
7:48 of 1st period - Shot by Mitch Marner.
7:48 of 1st period - Shot Misses the Net.
8:03 of 1st period - Niklas Hjalmarsson is hit by Mitch Marner and loses puck.
8:20 of 1st period - Icing by Jaccob Slavin.
8:21 of 1st period - Derek Stepan wins face-off versus Josh Jooris in Avalanche zone.
8:56 of 1st period - Shot by Mats Zuccarello.
8:56 of 1st period - Shot Misses the Net.
9:32 of 1st period - Shot by Max Domi.
9:32 of 1st period - Shot Misses the Net.
10:10 of 1st period - Alexandre Burrows is hit by Josh Anderson and loses puck.
10:27 of 1st period - Shot by Alexandre Burrows.
10:27 of 1st period - Stopped by Robin Lehner without a rebound.
10:28 of 1st period - Patrick Sharp wins face-off versus Martin Hanzal in Islanders zone.
10:36 of 1st period - Sam Bennett is hit by Kevin Shattenkirk and loses puck.
10:52 of 1st period - Shot by Sam Bennett.
10:52 of 1st period - Stopped by Jake Allen with a rebound.
11:31 of 1st period - Derek Stepan is hit by Erik Johnson and loses puck.
11:56 of 1st period - Shot by Max Domi.
11:56 of 1st period - Shot Misses the Net.
12:22 of 1st period - Shot by Zack Kassian.
12:22 of 1st period - Stopped by Jake Allen without a rebound.
12:23 of 1st period - Martin Hanzal wins face-off versus Zack Kassian in Avalanche zone.
12:50 of 1st period - Shot by Sam Bennett.
12:50 of 1st period - Shot Misses the Net.
12:52 of 1st period - Shot by Mark Fayne.
12:52 of 1st period - Shot Blocked by Kevin Shattenkirk.
13:09 of 1st period - Icing by Erik Johnson.
13:10 of 1st period - Josh Jooris wins face-off versus Dylan Larkin in Islanders zone.
13:19 of 1st period - Shot by Zach Werenski.
13:19 of 1st period - Stopped by Robin Lehner without a rebound.
13:20 of 1st period - Sam Bennett wins face-off versus Derek Stepan in Islanders zone.
13:39 of 1st period - Shot by Pierre-Alexandr Parenteau.
13:39 of 1st period - Shot Blocked by Tyson Barrie.
14:09 of 1st period - Shot by Josh Anderson.
14:09 of 1st period - Stopped by Jake Allen with a rebound.
14:11 of 1st period - Shot by Erik Johnson.
14:11 of 1st period - Shot Misses the Net.
14:23 of 1st period - Shot by Colin Wilson.
14:23 of 1st period - Shot Misses the Net.
14:25 of 1st period - Shot by Erik Johnson.
14:25 of 1st period - Stopped by Jake Allen with a rebound.
14:35 of 1st period - Shot by Josh Jooris.
14:35 of 1st period - Shot Misses the Net.
14:43 of 1st period - Shot by Matt Read.
14:43 of 1st period - Stopped by Jake Allen without a rebound.
14:44 of 1st period - Josh Jooris wins face-off versus Martin Hanzal in Avalanche zone.
14:44 of 1st period - Josh Jooris is hit by Deryk Engelland.
14:51 of 1st period - Minor Penalty to Tom Kuhnhackl for Interference.
14:52 of 1st period - Martin Hanzal wins face-off versus Patrick Sharp in Islanders zone.
15:05 of 1st period - Shot by Martin Hanzal.
15:05 of 1st period - Goal by Martin Hanzal - Avalanche : 3 - Islanders : 0.
15:06 of 1st period - Josh Jooris wins face-off versus David Krejci in neutral zone.
15:09 of 1st period - Zach Werenski is hit by Matt Read and loses puck.
15:14 of 1st period - Shot by Matt Read.
15:14 of 1st period - Stopped by Jake Allen without a rebound.
15:15 of 1st period - Alexander Steen wins face-off versus Brian Boyle in Avalanche zone.
17:49 of 1st period - Shot by Zack Kassian.
17:49 of 1st period - Deflect By Brian Boyle.
17:49 of 1st period - Stopped by Jake Allen with a rebound.
17:51 of 1st period - Shot by Zack Kassian.
17:51 of 1st period - Shot Blocked by Brandon Carlo.
18:03 of 1st period - Matt Cullen is hit by Zack Kassian.
18:59 of 1st period - Icing by Matt Read.
19:00 of 1st period - Josh Jooris wins face-off versus Alexander Steen in Islanders zone.
19:00 of 1st period - Tom Kuhnhackl is hit by Martin Hanzal and loses puck.
19:27 of 1st period - Niklas Hjalmarsson is hit by Martin Hanzal and loses puck.
Goals for this period are 3 for Avalanche vs 0 for Islanders.
Shots for this period are 11 for Avalanche vs 10 for Islanders.

2nd period


0:01 of 2nd period - Derek Stepan wins face-off versus Pierre-Alexandr Parenteau in neutral zone.
0:04 of 2nd period - Shot by Tomas Hertl.
0:04 of 2nd period - Shot Blocked by Niklas Hjalmarsson.
0:18 of 2nd period - Sam Bennett is hit by Jaccob Slavin and loses puck.
0:26 of 2nd period - Minor Penalty to Kevin Shattenkirk for Roughing.
0:27 of 2nd period - Matt Cullen wins face-off versus Brian Boyle in Avalanche zone.
0:27 of 2nd period - Matt Cullen is hit by Josh Anderson.
0:49 of 2nd period - Shot by Colin Wilson.
0:49 of 2nd period - Stopped by Jake Allen without a rebound.
0:50 of 2nd period - Matt Cullen wins face-off versus Sam Bennett in Avalanche zone.
0:50 of 2nd period - Alexandre Burrows is hit by Sam Bennett and loses puck.
2:29 of 2nd period - Shot by Tom Kuhnhackl.
2:29 of 2nd period - Stopped by Jake Allen without a rebound.
2:30 of 2nd period - Martin Hanzal wins face-off versus Josh Jooris in Avalanche zone.
2:43 of 2nd period - Shot by Alexander Steen.
2:43 of 2nd period - Shot Misses the Net.
3:52 of 2nd period - Minor Penalty to Zack Kassian for Roughing.
3:53 of 2nd period - Sam Bennett wins face-off versus Martin Hanzal in Islanders zone.
3:53 of 2nd period - Sam Bennett is hit by Martin Hanzal.
5:57 of 2nd period - Icing by Roman Polak.
5:58 of 2nd period - David Krejci wins face-off versus Brian Boyle in Islanders zone.
6:07 of 2nd period - Shot by Dylan Larkin.
6:07 of 2nd period - Stopped by Robin Lehner without a rebound.
6:08 of 2nd period - David Krejci wins face-off versus Brian Boyle in Islanders zone.
6:37 of 2nd period - Icing by Luca Sbisa.
6:38 of 2nd period - Derek Stepan wins face-off versus Brian Boyle in Islanders zone.
7:02 of 2nd period - Shot by Josh Jooris.
7:02 of 2nd period - Stopped by Jake Allen without a rebound.
7:03 of 2nd period - Martin Hanzal wins face-off versus Josh Jooris in Avalanche zone.
7:08 of 2nd period - Shot by Alexander Steen.
7:08 of 2nd period - Shot Misses the Net.
7:10 of 2nd period - Shot by Tyson Barrie.
7:10 of 2nd period - Shot Blocked by Erik Johnson.
7:12 of 2nd period - Shot by Martin Hanzal.
7:12 of 2nd period - Shot Misses the Net.
7:42 of 2nd period - Icing by Brandon Carlo.
7:43 of 2nd period - Sam Bennett wins face-off versus Martin Hanzal in Avalanche zone.
7:43 of 2nd period - Roman Polak is hit by Brandon Carlo and loses puck.
8:07 of 2nd period - Shot by Sam Bennett.
8:07 of 2nd period - Stopped by Jake Allen without a rebound.
8:08 of 2nd period - Derek Stepan wins face-off versus Brian Boyle in Avalanche zone.
8:08 of 2nd period - Derek Stepan is hit by Josh Anderson.
8:13 of 2nd period - Kevin Shattenkirk is hit by Luca Sbisa.
8:26 of 2nd period - Minor Penalty to Luca Sbisa for Hooking.
8:27 of 2nd period - Sam Bennett wins face-off versus David Krejci in Islanders zone.
8:40 of 2nd period - Shot by Derek Stepan.
8:40 of 2nd period - Stopped by Robin Lehner without a rebound.
8:41 of 2nd period - Sam Bennett wins face-off versus Martin Hanzal in Islanders zone.
8:41 of 2nd period - Sam Bennett is hit by Martin Hanzal.
10:47 of 2nd period - Shot by Matt Read.
10:47 of 2nd period - Stopped by Jake Allen without a rebound.
10:48 of 2nd period - Brian Boyle wins face-off versus David Krejci in Avalanche zone.
10:48 of 2nd period - Josh Anderson is hit by Sami Vatanen.
10:50 of 2nd period - Shot by Colin Wilson.
10:50 of 2nd period - Shot Blocked by David Krejci.
12:27 of 2nd period - Shot by Derek Stepan.
12:27 of 2nd period - Goal by Derek Stepan - Avalanche : 4 - Islanders : 0.
12:27 of 2nd period - Craig Anderson enters game.
12:28 of 2nd period - Patrick Sharp wins face-off versus Martin Hanzal in neutral zone.
12:31 of 2nd period - Alexander Steen is hit by Sam Bennett and loses puck.
12:59 of 2nd period - Shot by Pierre-Alexandr Parenteau.
12:59 of 2nd period - Stopped by Jake Allen without a rebound.
13:00 of 2nd period - Brian Boyle wins face-off versus Mitch Marner in Avalanche zone.
13:24 of 2nd period - Shot by Brian Boyle.
13:24 of 2nd period - Stopped by Jake Allen without a rebound.
13:25 of 2nd period - Nate Thompson wins face-off versus Martin Hanzal in Avalanche zone.
14:53 of 2nd period - Off-side.
14:54 of 2nd period - David Krejci wins face-off versus Brian Boyle in neutral zone.
14:54 of 2nd period - Max Domi is hit by Josh Anderson and loses puck.
15:13 of 2nd period - Shot by Josh Anderson.
15:13 of 2nd period - Stopped by Jake Allen without a rebound.
15:14 of 2nd period - Martin Hanzal wins face-off versus Sam Bennett in Avalanche zone.
15:31 of 2nd period - Icing by Niklas Hjalmarsson.
15:32 of 2nd period - Sam Bennett wins face-off versus Derek Stepan in Islanders zone.
16:01 of 2nd period - Pierre-Alexandr Parenteau is hit by Tomas Hertl and loses puck.
16:26 of 2nd period - Shot by Alexander Steen.
16:26 of 2nd period - Shot Misses the Net.
16:28 of 2nd period - Shot by Zach Werenski.
16:28 of 2nd period - Shot Blocked by Niklas Hjalmarsson.
16:30 of 2nd period - Shot by Alexander Steen.
16:30 of 2nd period - Deflect By Martin Hanzal.
16:30 of 2nd period - Stopped by Craig Anderson without a rebound.
16:31 of 2nd period - Brian Boyle wins face-off versus David Krejci in Islanders zone.
16:31 of 2nd period - Colin Wilson is hit by Dylan Larkin and loses puck.
16:42 of 2nd period - Icing by Brandon Carlo.
16:43 of 2nd period - Josh Jooris wins face-off versus David Krejci in Avalanche zone.
16:43 of 2nd period - Luca Sbisa is hit by Brandon Carlo.
16:55 of 2nd period - Shot by Tom Kuhnhackl.
16:55 of 2nd period - Stopped by Jake Allen without a rebound.
16:56 of 2nd period - Alexander Steen wins face-off versus Brian Boyle in Avalanche zone.
17:07 of 2nd period - Shot by Alexander Steen.
17:07 of 2nd period - Shot Misses the Net.
17:09 of 2nd period - Shot by Mats Zuccarello.
17:09 of 2nd period - Deflect By Alexander Steen.
17:09 of 2nd period - Stopped by Craig Anderson without a rebound.
17:10 of 2nd period - Derek Stepan wins face-off versus Josh Jooris in Islanders zone.
17:10 of 2nd period - Derek Stepan is hit by Luca Sbisa.
17:27 of 2nd period - Minor Penalty to Kevin Shattenkirk for Cross-checking.
17:28 of 2nd period - Brian Boyle wins face-off versus Matt Cullen in Avalanche zone.
17:33 of 2nd period - Shot by Niklas Hjalmarsson.
17:33 of 2nd period - Shot Misses the Net.
17:53 of 2nd period - Shot by Matt Cullen.
17:53 of 2nd period - Deflect By Alexandre Burrows.
17:53 of 2nd period - Stopped by Craig Anderson without a rebound.
17:54 of 2nd period - Matt Cullen wins face-off versus Sam Bennett in Islanders zone.
17:54 of 2nd period - Matt Cullen is hit by Roman Polak.
17:56 of 2nd period - Shot by Alexandre Burrows.
17:56 of 2nd period - Shot Misses the Net.
18:27 of 2nd period - Shot by Sam Bennett.
18:27 of 2nd period - Stopped by Jake Allen without a rebound.
18:28 of 2nd period - Brian Boyle wins face-off versus Derek Stepan in Avalanche zone.
18:31 of 2nd period - Shot by Colin Wilson.
18:31 of 2nd period - Shot Hit the Post.
18:56 of 2nd period - Off-side.
18:57 of 2nd period - Matt Cullen wins face-off versus Sam Bennett in neutral zone.
19:11 of 2nd period - Shot by Sam Bennett.
19:11 of 2nd period - Stopped by Jake Allen without a rebound.
19:12 of 2nd period - Derek Stepan wins face-off versus Brian Boyle in Avalanche zone.
19:29 of 2nd period - Shot by Brian Boyle.
19:29 of 2nd period - Stopped by Jake Allen without a rebound.
19:30 of 2nd period - Sam Bennett wins face-off versus David Krejci in Avalanche zone.
19:33 of 2nd period - Shot by Pierre-Alexandr Parenteau.
19:33 of 2nd period - Shot Misses the Net.
19:50 of 2nd period - Sam Bennett is hit by Dylan Larkin and loses puck.
Goals for this period are 1 for Avalanche vs 0 for Islanders.
Shots for this period are 6 for Avalanche vs 12 for Islanders.

3rd period


0:01 of 3rd period - Sam Bennett wins face-off versus Martin Hanzal in neutral zone.
1:54 of 3rd period - Icing by Mark Fayne.
1:55 of 3rd period - David Krejci wins face-off versus Josh Jooris in Islanders zone.
1:59 of 3rd period - Icing by Mark Fayne.
2:00 of 3rd period - David Krejci wins face-off versus Josh Jooris in Islanders zone.
2:20 of 3rd period - Matt Read is hit by Tyson Barrie and loses puck.
2:43 of 3rd period - Shot by Patrick Sharp.
2:43 of 3rd period - Shot Blocked by Tyson Barrie.
2:45 of 3rd period - Shot by Patrick Sharp.
2:45 of 3rd period - Stopped by Jake Allen without a rebound.
2:46 of 3rd period - Sam Bennett wins face-off versus Martin Hanzal in Avalanche zone.
3:31 of 3rd period - Icing by Alexander Steen.
3:32 of 3rd period - Martin Hanzal wins face-off versus Brian Boyle in Avalanche zone.
3:34 of 3rd period - Icing by Alexander Steen.
3:35 of 3rd period - Martin Hanzal wins face-off versus Brian Boyle in Avalanche zone.
3:35 of 3rd period - Martin Hanzal is hit by Brian Boyle.
4:06 of 3rd period - Mitch Marner is hit by Erik Johnson and loses puck.
4:37 of 3rd period - Shot by Matt Read.
4:37 of 3rd period - Shot Misses the Net.
4:40 of 3rd period - Icing by Zach Werenski.
4:41 of 3rd period - Derek Stepan wins face-off versus Sam Bennett in Avalanche zone.
4:43 of 3rd period - Zach Werenski is hit by Sam Bennett.
5:01 of 3rd period - Shot by Pierre-Alexandr Parenteau.
5:01 of 3rd period - Stopped by Jake Allen without a rebound.
5:02 of 3rd period - Martin Hanzal wins face-off versus Nate Thompson in Avalanche zone.
5:02 of 3rd period - Martin Hanzal is hit by Zack Kassian.
5:16 of 3rd period - Nate Thompson is hit by Martin Hanzal and loses puck.
5:28 of 3rd period - Alexander Steen is hit by Erik Johnson and loses puck.
6:00 of 3rd period - David Krejci is hit by Roman Polak and loses puck.
6:23 of 3rd period - Minor Penalty to Roman Polak for Holding.
6:24 of 3rd period - David Krejci wins face-off versus Sam Bennett in Islanders zone.
8:04 of 3rd period - Off-side.
8:05 of 3rd period - Martin Hanzal wins face-off versus Josh Jooris in neutral zone.
8:20 of 3rd period - Icing by Kevin Shattenkirk.
8:21 of 3rd period - Alexander Steen wins face-off versus Sam Bennett in Avalanche zone.
8:30 of 3rd period - Icing by Luca Sbisa.
8:31 of 3rd period - Josh Jooris wins face-off versus Max Domi in Islanders zone.
8:31 of 3rd period - Josh Jooris is hit by Dylan Larkin.
9:06 of 3rd period - Off-side.
9:07 of 3rd period - Sam Bennett wins face-off versus Derek Stepan in neutral zone.
9:20 of 3rd period - Shot by Patrick Sharp.
9:20 of 3rd period - Stopped by Jake Allen without a rebound.
9:21 of 3rd period - Martin Hanzal wins face-off versus Brian Boyle in Avalanche zone.
10:51 of 3rd period - Icing by Jaccob Slavin.
10:52 of 3rd period - Josh Jooris wins face-off versus Derek Stepan in Avalanche zone.
12:04 of 3rd period - Martin Hanzal is hit by Nate Thompson and loses puck.
12:53 of 3rd period - Max Domi is hit by Roman Polak and loses puck.
13:00 of 3rd period - Shot by David Krejci.
13:00 of 3rd period - Stopped by Craig Anderson with a rebound.
13:13 of 3rd period - Matt Cullen is hit by Roman Polak and loses puck.
13:33 of 3rd period - Alexander Steen is hit by Roman Polak and loses puck.
14:23 of 3rd period - Icing by Derek Stepan.
14:24 of 3rd period - Sam Bennett wins face-off versus Derek Stepan in Avalanche zone.
17:00 of 3rd period - Icing by Erik Johnson.
17:01 of 3rd period - Nate Thompson wins face-off versus David Krejci in Islanders zone.
17:06 of 3rd period - Shot by Max Domi.
17:06 of 3rd period - Stopped by Craig Anderson without a rebound.
17:07 of 3rd period - Josh Jooris wins face-off versus David Krejci in Islanders zone.
17:25 of 3rd period - Shot by David Krejci.
17:25 of 3rd period - Stopped by Craig Anderson with a rebound.
17:27 of 3rd period - Shot by Zach Werenski.
17:27 of 3rd period - Stopped by Craig Anderson with a rebound.
18:13 of 3rd period - Tomas Hertl is hit by Brian Boyle.
18:19 of 3rd period - Icing by Mitch Marner.
18:20 of 3rd period - Mitch Marner wins face-off versus Brian Boyle in Avalanche zone.
18:20 of 3rd period - Mitch Marner is hit by Pierre-Alexandr Parenteau.
18:42 of 3rd period - Shot by Mats Zuccarello.
18:42 of 3rd period - Stopped by Craig Anderson without a rebound.
18:43 of 3rd period - Martin Hanzal wins face-off versus Josh Jooris in Islanders zone.
18:46 of 3rd period - Shot by Mats Zuccarello.
18:46 of 3rd period - Shot Blocked by Niklas Hjalmarsson.
19:18 of 3rd period - Shot by Mats Zuccarello.
19:18 of 3rd period - Shot Misses the Net.
19:38 of 3rd period - Max Domi is hit by Niklas Hjalmarsson and loses puck.
19:45 of 3rd period - Shot by Tyson Barrie.
19:45 of 3rd period - Shot Blocked by Niklas Hjalmarsson.
19:47 of 3rd period - Shot by Brandon Carlo.
19:47 of 3rd period - Stopped by Craig Anderson without a rebound.
19:48 of 3rd period - Derek Stepan wins face-off versus Sam Bennett in Islanders zone.
Goals for this period are 0 for Avalanche vs 0 for Islanders.
Shots for this period are 6 for Avalanche vs 3 for Islanders.